 Dungeon Crawl Stone Soup version 0.29.1-12-g30fa7ad0bf (webtiles) character file.

Game seed: 7672756633331383988

3 ghostp the Ruffian (level 1, -1/20 HPs)
             Began as a Djinni Cinder Acolyte on Jan 9, 2023.
             Was a High Priest of Ignis.
             Slain by a kobold
             ... wielding a +0 dagger
              (3 damage)
             ... on level 2 of the Dungeon.
             The game lasted 00:09:03 (1222 turns).

ghostp the Ruffian (Djinni Cinder Acolyte)          Turns: 1222, Time: 00:09:04

Health: -1/20      AC:  2    Str: 13    XL:     1   Next: 55%
Gold:   13         EV:  8    Int: 15    God:    Ignis [*****.] SH:  0 Dex:  8

rFire   + + +      SeeInvis .   d - staff of air
rCold   x . .      Faith    .   (no shield)
rNeg    . . .      Spirit   .   a - +0 robe
rPois   ∞          Reflect  .   (no helmet)
rElec   +          Harm     .   (no cloak)
rCorr   .          Rampage  .   (no gloves)
Will    .....                   (boots unavailable)
Stlth   +.........              (no amulet)
HPRegen 0.06/turn               (no ring)
MPRegen 0.00/turn               (no ring)

@: flying, constricted
A: sickness immunity, fire resistance 2, cold vulnerability 1, float, innate
caster, HP casting, extra vitality 1
a: Renounce Religion, Fiery Armour, Foxfire Swarm, Rising Flame


You were on level 2 of the Dungeon.
You worshipped Ignis.
Ignis was extremely pleased with you.
You visited 1 branch of the dungeon, and saw 2 of its levels.

You collected 13 gold pieces.

Inventory:

Missiles
 b - 12 stones (quivered)
Armour
 a - a +0 robe (worn)
Magical Staves
 d - a staff of air (weapon)
Scrolls
 c - a scroll of blinking {unknown}
Potions
 e - 2 potions of attraction {unknown}
 f - a potion of invisibility {unknown}


   Skills:
 - Level 3.0 Fighting
 - Level 3.0 Unarmed Combat
 + Level 2.6 Spellcasting


You had 3 spell levels left.
You knew the following spells:

 Your Spells              Type           Power      Damage    Failure   Level
a - Scorch                Fire           18%        2d5       11%         2
Your spell library was empty.

Dungeon Overview and Level Annotations

Branches:
Dungeon (2/15)

Altars:


Innate Abilities, Weirdness & Mutations

You are immune to sickness and miasma.
You are immune to poison.
Your flesh is very heat resistant. (rF++)
You are vulnerable to cold. (rC-)
You float through the air rather than walking.
You learn spells naturally, not from books.
Your magical power is your life essence.
You have superior vitality. (+4 MHP)


Message History

A bat comes into view.
A goblin comes into view. It is wielding a +0 club.
The bat moves out of view.
There is a stone staircase leading down here.
The ball python closely misses you. The ball python barely misses you.
You fly downwards.
Found 3 stones.
There is a stone staircase leading up here.
Casting: Scorch (safe; 11% risk of failure)
Confirm with . or Enter, or press ? or * to list all spells.
You aren't experienced enough to cast this spell.
Unknown command.
You barely miss the ball python. The ball python closely misses you.
The ball python grabs you. The ball python constricts you.
You barely miss the ball python. The ball python bites you.
The ball python constricts you. The ball python barely misses you.
The ball python constricts you.
You hit the ball python.
The ball python is heavily wounded.
The kobold hits you with a +0 dagger. The ball python misses you.
The ball python constricts you.
You closely miss the ball python.
The ball python is heavily wounded.
The ball python barely misses you. The ball python constricts you.
The kobold hits you with a +0 dagger.
You closely miss the ball python.
The ball python is heavily wounded.
The ball python bites you but does no damage.
The ball python constricts you. The kobold hits you with a +0 dagger.
The ball python barely misses you. The ball python constricts you.
The kobold hits you with a +0 dagger.
* * * LOW HITPOINT WARNING * * *
You barely miss the ball python.
The ball python is heavily wounded.
The ball python bites you.
* * * LOW HITPOINT WARNING * * *
The ball python constricts you.
* * * LOW HITPOINT WARNING * * *
The kobold hits you with a +0 dagger.
You die...

..# #.#
## #.# .
#.#.#
##.#. ...
#.# #@#
......KS#
..(..####
####


You could see a ball python and a kobold.

Vanquished Creatures
  A kobold (D:1)
  A quokka (D:1)
  A ball python (D:1)
3 creatures vanquished.

Notes
Turn   | Place    | Note
-------+----------+-------------------------------------------
     0 | D:1      | ghostp the Djinni Cinder Acolyte began the quest for the
                  | Orb.
     0 | D:1      | ghostp set off with the following spells memorised: Scorch.
     0 | D:1      | Reached XP level 1. HP: 20/20 MP: 0/0
  1222 | D:2      | Slain by a kobold

Illustrated notes

Levels and vault maps discovered:
D:1:      evilmike_arrival_plus, layout_loops_ring, minmay_misc_feat_enclosed,
          minmay_box_of_dots
D:2:      layout_loops_ring, guppyfry_early_lair_pool, uniq_crazy_yiuf_cottage

Action                   || total
-------------------------++-------
Melee: Staff             ||    14
Throw: Stone             ||     9
       Throwing net      ||     1
Armor: Robe              ||     6
Dodge: Dodged            ||    12
